 Dungeon Crawl Stone Soup version 0.30-a0-219-gf2db51d15e (webtiles) character file.

Game seed: 13263810155940734387

4575 IdlyInterested the Covert (level 10, -8/83 HPs)
             Began as an Armataur Brigand on Oct 6, 2022.
             Was an Initiate of Dithmenos.
             Mangled by an orc warrior
             ... wielding a +0 war axe
              (14 damage)
             ... on level 9 of the Dungeon on Oct 7, 2022.
             The game lasted 00:34:20 (8362 turns).

IdlyInterested the Covert (Armataur Brigand)        Turns: 8362, Time: 00:34:22

Health: -8/83      AC: 12    Str: 16    XL:     10   Next: 18%
Magic:  11/11      EV:  9    Int: 11    God:    Dithmenos [......]
Gold:   228        SH:  5    Dex: 17    Spells: 9/9 levels left

rFire   . . .      SeeInvis .    x - +3 short sword (vamp)
rCold   . . .      Faith    .    (no shield)
rNeg    . . .      Spirit   .    R - +2 leather armour {Will+}
rPois   .          Reflect  +    A - +1 helmet
rElec   .          Harm     .    c - +0 cloak
rCorr   .          Roll     +    p - +1 pair of gloves
Will    +....                    (no barding)
Stlth   +++++.....               q - amulet of reflection
HPRegen 0.33/turn                y - +4 ring of protection
MPRegen 0.12/turn                F - +4 ring of protection

@: mighty, corroded
A: large, rugged brown scales 3, deformed body, armoured tail, roll, long
tongue, awkward tongue
a: Renounce Religion


You were on level 9 of the Dungeon.
You worshipped Dithmenos.
Dithmenos was noncommittal.
You visited 2 branches of the dungeon, and saw 10 of its levels.

You collected 542 gold pieces.
You spent 314 gold pieces at shops.

Inventory:

Hand Weapons
 a - a +3 dagger
 k - a +2 dagger of venom
 x - a +3 vampiric short sword (weapon)
 C - a +2 dagger of draining
 L - the +6 sling "Siekeoh" {vorpal, rElec Will+ Int+8}
   (You found it on level 6 of the Dungeon)

   Any ammunition fired from it inflicts extra damage upon your enemies.
   Int:       It affects your intelligence (+8).
   rElec:     It insulates you from electricity.
   Will:      It increases your willpower.
Missiles
 b - a throwing net
 d - 12 poisoned darts (quivered)
 e - 11 curare-tipped darts
 v - 5 boomerangs
Armour
 c - a +0 cloak (worn)
 p - a +1 pair of gloves (worn)
 A - a +1 helmet (worn)
 E - a +2 leather armour of positive energy
 J - a +1 scale mail of fire resistance
 Q - a +2 leather armour of cold resistance
 R - a +2 leather armour of willpower (worn)
 T - +0 steam dragon scales
Magical Staves
 H - a staff of fire
Jewellery
 q - an amulet of reflection (around neck)
 s - a ring of see invisible
 y - a +4 ring of protection (left hand)
 F - a +4 ring of protection (right hand)
Wands
 w - a wand of flame (19)
 S - a wand of mindburst (14)
Scrolls
 j - 2 scrolls of vulnerability
 o - 8 scrolls of teleportation
 z - a scroll of blinking
 K - a scroll of fear
 U - a scroll of poison
 V - a scroll of fog
Potions
 f - 4 potions of attraction {unknown}
 h - 3 potions of mutation {unknown}
 i - 2 potions of invisibility {unknown}
 l - 3 potions of magic
 n - 5 potions of brilliance
 u - a potion of curing
 I - 2 potions of berserk rage {unknown}
 M - a potion of resistance
 N - a potion of flight {unknown}
 O - 2 potions of lignification {unknown}


   Skills:
 - Level 4.0 Fighting
 + Level 7.1 Short Blades
 - Level 2.0 Throwing
 - Level 4.0 Armour
 - Level 1.0 Dodging
 * Level 13.3 Stealth
 + Level 2.0 Invocations
 - Level 4.0 Evocations


You had 9 spell levels left.
You didn't know any spells.
Your spell library contained the following spells:

 Spells                   Type           Power      Damage    Failure   Level
 Blink                    Tloc           0%         N/A       54%         2
 Cigotuvi's Dreadful Rot  Necr/Pois/Air  0%         N/A       54%         2
 Momentum Strike          Conj/Tloc      0%         3d8       54%         2
 Poisonous Vapours        Pois/Air       0%         N/A       54%         2
 Hailstorm                Conj/Ice       0%         3d3       77%         3
 Kindle Blastsparks       Fire/Tloc/Air  0%         2d10      77%         3
 Lesser Beckoning         Tloc           0%         N/A       77%         3
 Mephitic Cloud           Conj/Pois/Air  0%         N/A       77%         3
 Fulminant Prism          Conj/Hex       0%         3d6       99%         4
 Ice Form                 Ice/Tmut       0%         N/A       99%         4
 Iskenderun's Mystic Bla  Conj/Tloc      0%         2d3       99%         4
 Manifold Assault         Tloc           0%         N/A       99%         4
 Lee's Rapid Deconstruct  Erth           0%         3d5*      100%        5
 Simulacrum               Ice/Necr       0%         N/A       100%        6
 Storm Form               Tmut/Air       0%         N/A       100%        7


Dungeon Overview and Level Annotations

Branches:
Dungeon (9/15)             Temple (1/1) D:7             Orc (0/2) D:9
   Lair: D:8-11

Altars:
Ashenzari
Cheibriados
Dithmenos
Elyvilon
Fedhas
Gozag
Hepliaklqana
Kikubaaqudgha
Makhleb
Nemelex Xobeh
Okawaru
Qazlal
Ru
Sif Muna
Trog
Uskayaw
Vehumet
Wu Jian
Xom
Yredelemnul
Zin
The Shining One

Shops:
D:6 [


Innate Abilities, Weirdness & Mutations

You are completely covered in rugged brown scales. (AC +3, +7% HP)
Armour fits poorly on your strangely shaped body.
You have a long armoured tail.
You roll when moving toward enemies. (Rampage)
Your long tongue fully drains potion bottles. (2x potion effects)
Your tongue gives you trouble enunciating. (1.5x scroll delay)


Message History

You puncture the orc warrior!
You feel better.
The orc warrior is severely wounded.
You closely miss the orc warrior.
The orc warrior is severely wounded.
The orc warrior hits you from afar with a +0 trident.
* * * LOW HITPOINT WARNING * * *
The orc warrior unwields a +0 arbalest.
The orc warrior wields a +0 war axe.
The orc warrior barely misses you.
You hit the orc warrior but do no damage.
The orc warrior is severely wounded.
The orc warrior hits you from afar with a +0 trident.
* * * LOW HITPOINT WARNING * * *
The orc wizard barely misses you.
You feel better. The orc warrior completely misses you.
You block the orc warrior's attack.
You barely miss the orc warrior.
Your tail-slap misses the orc warrior.
The orc warrior is heavily wounded.
The orc warrior hits you with a +0 war axe.
* * * LOW HITPOINT WARNING * * *
You hit the orc warrior but do no damage.
The orc warrior is heavily wounded.
The orc warrior hits you but does no damage.
The orc wizard hits you but does no damage.
The orc warrior hits you with a +0 war axe.
* * * LOW HITPOINT WARNING * * *
You hit the orc warrior but do no damage.
The orc warrior is heavily wounded.
You block the orc warrior's attack. The orc wizard barely misses you.
You hit the orc warrior.
You feel better.
You tail-slap the orc warrior, but do no damage.
The orc warrior is severely wounded.
The orc warrior hits you with a +0 war axe.
* * * LOW HITPOINT WARNING * * *
You barely miss the orc warrior.
The orc warrior is severely wounded.
The orc warrior hits you from afar with a +0 trident!
* * * LOW HITPOINT WARNING * * *
The orc wizard hits you but does no damage.
The orc warrior hits you with a +0 war axe!
You die...

.........## ..).....8# #...#....#
# #...#.>..+ #..# #...#....# #..#
#...#..?8# ##########
#..######......o########.........
................o........>.......
................@o...............
#####.............[.######.......
..................†..............
.................................
########.....................<...
###### #.............############
...... ..............# #######
...... .............. .......
###### #...########## .......


You could see 2 orc warriors and an orc wizard.

Vanquished Creatures
  Maggie (D:7)
  Grinder (D:6)
  5 yaks (D:8)
  2 steam dragons (D:8)
  An acid dragon (D:9)
  A water moccasin (D:4)
  2 orc warriors
  3 sky beasts
  An ice beast (D:6)
  3 ogres
  2 centaurs
  A kobold brigand (D:6)
  Blork the orc (D:4)
  4 bullfrogs
  2 necrophages
  2 scorpions
  6 wights
  4 jellies
  6 hounds
  2 orc priests
  3 iguanas
  Natasha (thrice) (D:3)
  8 orc wizards
  Robin (D:4)
  10 adders
  9 gnolls
  2 ufetubi (D:4)
  2 worms (D:4)
  4 dart slugs
  36 orcs
  10 ball pythons
  6 endoplasms
  3 giant cockroaches
  17 goblins
  8 hobgoblins
  3 quokkas
  3 bats
  8 kobolds
  5 rats
191 creatures vanquished.

Vanquished Creatures (others)
  2 orc wizards
  5 toadstools (D:1)
7 creatures vanquished.

Grand Total: 198 creatures vanquished

Notes
Turn   | Place    | Note
-------+----------+-------------------------------------------
     0 | D:1      | IdlyInterested the Armataur Brigand began the quest for the
                  | Orb.
     0 | D:1      | Reached XP level 1. HP: 18/18 MP: 1/1
   342 | D:1      | Found a faded altar of an unknown god.
   447 | D:1      | Reached XP level 2. HP: 25/25 MP: 2/2
   591 | D:1      | Reached skill level 1 in Dodging
  1089 | D:2      | Reached skill level 5 in Stealth
  1089 | D:2      | Reached XP level 3. HP: 27/31 MP: 3/3
  1161 | D:2      | Reached skill level 1 in Armour
  1679 | D:3      | Noticed Natasha
  1691 | D:3      | Killed Natasha
  1692 | D:3      | Reached XP level 4. HP: 29/38 MP: 4/4
  1736 | D:3      | Noticed Natasha
  1750 | D:3      | Killed Natasha
  1822 | D:3      | Noticed Natasha
  1840 | D:3      | Reached XP level 5. HP: 19/43 MP: 5/5
  1863 | D:3      | Killed Natasha
  1864 | D:3      | Reached skill level 6 in Stealth
  1864 | D:3      | Reached skill level 1 in Evocations
  2390 | D:4      | Noticed Robin
  2482 | D:4      | Reached XP level 6. HP: 37/51 MP: 6/6
  2500 | D:4      | Killed Robin
  2524 | D:4      | Noticed a water moccasin
  2541 | D:4      | HP: 2/51 [poisoned by a water moccasin]
  2555 | D:4      | Killed a water moccasin
  2556 | D:4      | Reached skill level 7 in Stealth
  2606 | D:4      | Identified the +1 robe "Roraucs" {Str+4}
  2758 | D:4      | Noticed Blork the orc
  2774 | D:4      | Killed Blork the orc
  2805 | D:4      | Reached XP level 7. HP: 58/58 MP: 7/7
  2938 | D:4      | Reached skill level 8 in Stealth
  3026 | D:4      | Found an iron altar of Okawaru.
  3351 | D:5      | Entered Level 5 of the Dungeon
  3643 | D:5      | Reached skill level 9 in Stealth
  3643 | D:5      | Reached XP level 8. HP: 67/67 MP: 8/8
  3658 | D:5      | Found an opulent altar of Gozag.
  4644 | D:6      | Reached skill level 5 in Short Blades
  4676 | D:6      | Reached skill level 10 in Stealth
  4953 | D:6      | Found an ornate altar of the Wu Jian Council.
  4957 | D:6      | Found a sparkling altar of Nemelex Xobeh.
  4958 | D:6      | Found a sacrificial altar of Ru.
  4958 | D:6      | Found a hide-covered altar of Uskayaw.
  4958 | D:6      | Found a broken altar of Ashenzari.
  4960 | D:6      | Found a shimmering altar of Xom.
  4962 | D:6      | Found an ancient bone altar of Kikubaaqudgha.
  5046 | D:6      | Noticed Grinder
  5050 | D:6      | Killed Grinder
  5051 | D:6      | Reached XP level 9. HP: 75/75 MP: 9/9
  5060 | D:6      | Found a blossoming altar of Fedhas.
  5065 | D:6      | Identified the +6 sling "Siekeoh" {vorpal, rElec Will+
                  | Int+8}
  5121 | D:6      | Reached skill level 11 in Stealth
  5397 | D:6      | Found Hogalin's Antique Armour Boutique.
  5585 | D:6      | Bought a brightly glowing robe for 114 gold pieces
  5585 | D:6      | Identified the +0 robe "Uptoj" {Int+10 Dex-5} (You bought
                  | it in a shop on level 6 of the Dungeon)
  5585 | D:6      | Bought a runed leather armour for 100 gold pieces
  5585 | D:6      | Bought a glowing leather armour for 100 gold pieces
  5806 | D:7      | Noticed Maggie
  5836 | D:7      | Killed Maggie
  6359 | D:7      | Found a staircase to the Ecumenical Temple.
  6368 | Temple   | Entered the Ecumenical Temple
  6447 | Temple   | Became a worshipper of Dithmenos the Shadowed
  6582 | D:7      | Reached skill level 12 in Stealth
  7845 | D:8      | Reached skill level 1 in Invocations
  7845 | D:8      | Reached XP level 10. HP: 73/83 MP: 10/10
  7859 | D:8      | Reached skill level 13 in Stealth
  8313 | D:9      | Found a staircase to the Orcish Mines.
  8349 | D:9      | HP: 4/83 [orc warrior/+0 trident (12)]
  8362 | D:9      | Mangled by an orc warrior

Illustrated notes

Levels and vault maps discovered:
D:1:      ldierk_walled_garden, layout_loops_ring,
          shapermc_ecumenical_altar_notcrosses, minmay_misc_feat_alley,
          minmay_shallow_snake_nest
D:2:      layout_rooms, corexii_shack, kennysheep_nondescript
D:3:      layout_basic, uniq_natasha
D:4:      layout_rooms, kennysheep_okawaru_gauntlet, kennysheep_dice,
          uniq_robin, uniq_blork_the_orc
D:5:      layout_loops_corners, mainiacjoe_overflow_chevrons
D:6:      layout_loops_ring, minitemple, fedhas_altar_2, serial_shops,
          shop_statue, uniq_grinder
D:7:      layout_loops_cross, minmay_temple_entry_large_hall, grunt_ogre_cave,
          uniq_maggie
D:8:      layout_basic
D:9:      layout_long_grid, minmay_orc_entry_temple_small
Temple:   nicolae_temple_hex_pool

Skill      XL: |  1  2  3  4  5  6  7  8  9 10 |
---------------+-------------------------------+-----
Throwing       | 2 |  2.0
Short Blades   | 2 3 4 5 6 7 |  7.1
Dodging        | 1 |  1.0
Fighting       | 2 3 4 |  4.0
Stealth        | 5 6 7 9 10 12 13 | 13.3
Armour         | 1 2 3 4 |  4.0
Evocations     | 1 2 4 |  4.0
Invocations    | 1 2 |  2.0

Action                   |  1- 3 |  4- 6 |  7- 9 | 10-12 || total
-------------------------+-------+-------+-------+-------++-------
Melee: Dagger            |    91 |   200 |   304 |    46 ||   641
       Tailslap          |     6 |    19 |    70 |    12 ||   107
       Punch             |     1 |       |     9 |     1 ||    11
       Short sword       |       |       |   151 |    21 ||   172
Throw: Dart              |       |     5 |       |       ||     5
       Boomerang         |       |       |     5 |       ||     5
  Use: Scroll            |     9 |     3 |     4 |     2 ||    18
       Potion            |       |     2 |     2 |     5 ||     9
 Stab: Sleeping          |    10 |     8 |    28 |       ||    46
       Distracted        |       |     1 |     1 |       ||     2
Armor: Robe              |    22 |    73 |    41 |       ||   136
       Leather armour    |       |       |   142 |    27 ||   169
Dodge: Dodged            |    36 |    44 |   138 |    26 ||   244
Block: Other             |    10 |    39 |    83 |     8 ||   140
       Reflection        |       |     1 |     4 |     1 ||     6

Table legend: (Time is in decaauts)
 A = Elapsed time spent in this place.
 B = Non-inter-level travel time spent in this place.
 C = Inter-level travel time spent in this place.
 D = Time resting spent in this place.
 E = Time spent auto-exploring this place.
 F = Levels seen in this place.
 G = Mean time per level.
                   A        B        C        D        E       F      G
               +--------+--------+--------+--------+--------+-----+--------+
         Total |   8173 |   6773 |   1400 |    276 |   4266 |  10 |  817.3 |
       Dungeon |   8060 |   6681 |   1379 |    276 |   4201 |   9 |  895.6 |
        Temple |    113 |     93 |     20 |      0 |     65 |   1 |  113.0 |
               +--------+--------+--------+--------+--------+-----+--------+

Top non-repeatable levels by time:
     D:6: 1221 daAuts
     D:5: 1217 daAuts
     D:8: 1105 daAuts
     D:4: 974 daAuts
     D:7: 951 daAuts
     D:1: 942 daAuts
     D:3: 751 daAuts
     D:2: 734 daAuts
     D:9: 161 daAuts
  Temple: 113 daAuts
